 Dungeon Crawl Stone Soup version 0.27-a0-1579-g97d2440184 (webtiles) character file.

Game seed: 17936066940198801966

605 Sobieck the Firebug (level 7, -17/41 HPs)
             Began as an Octopode Fire Elementalist on July 17, 2021.
             Was an Initiate of Sif Muna.
             Demolished by a two-headed ogre (24 damage)
             ... on level 5 of the Dungeon.
             The game lasted 00:10:17 (7018 turns).

Sobieck the Firebug (Octopode Fire Elementalist)    Turns: 7018, Time: 00:10:18

Health: -17/41     AC:  1    Str:  7    XL:     7   Next: 42%
Magic:  2/13       EV: 14    Int: 19    God:    Sif Muna [......]
Gold:   214        SH:  0    Dex: 13    Spells: 9/14 levels left

rFire    . . .     SeeInvis .   h - +0 falchion (venom) {long}
rCold    . . .     Faith    .   (no shield)
rNeg     . . .     Spirit   .   (helmet restricted)
rPois    +         Reflect  .   (no amulet)
rElec    .         Harm     .   q - ring of poison resistance
rCorr    .         Rampage  .   (no ring)
Will     .....                  (no ring)
Stlth    +++.......             (no ring)
HPRegen  0.13/turn              (no ring)
MPRegen  0.13/turn              (no ring)
                                (no ring)
                                (no ring)

@: no status effects
A: almost no armour, amphibious, 8 rings, camouflage 1, gelatinous body 1,
(nimble swimmer 1), tentacles
a: Renounce Religion


You were on level 5 of the Dungeon.
You worshipped Sif Muna.
Sif Muna was noncommittal.
You visited 1 branch of the dungeon, and saw 5 of its levels.
You also visited: Sewer.

You collected 214 gold pieces.


Innate Abilities, Weirdness & Mutations

You cannot wear most types of armour.
You are amphibious.
You can wear up to eight rings at the same time.
Your skin changes colour to match your surroundings (Stealth+).
Your rubbery body absorbs attacks. (AC +1, EV +1)
((You are camouflaged near water. (Stealth+)))
You have tentacles for arms and can constrict up to eight enemies at once.


   Skills:
 + Level 4.2 Dodging
 - Level 2.6 Stealth
 + Level 4.0 Spellcasting
 + Level 3.7 Conjurations
 + Level 4.9 Fire Magic
 + Level 0.8 Invocations


You had 9 spell levels left.
You knew the following spells:

 Your Spells              Type           Power      Damage    Failure   Level
a - Foxfire               Conj/Fire      80%        2x1d8     2%          1
b - Sticky Flame          Conj/Fire      20%        2d4       22%         4

Your spell library contained the following spells:

 Spells                   Type           Power      Damage    Failure   Level
 Conjure Flame            Conj/Fire      20%        6-21      7%          3
 Inner Flame              Hex/Fire       13%        N/A       16%         3
 Blink                    Tloc           N/A        N/A       21%         2
 Gell's Gravitas          Tloc           1%         N/A       38%         3
 Lesser Beckoning         Tloc           1%         N/A       38%         3
 Teleport Other           Tloc           3%         N/A       38%         3
 Fireball                 Conj/Fire      10%        3d6       54%         5
 Manifold Assault         Tloc           3%         N/A       98%         5

Inventory:

Hand Weapons
 b - a +0 club {mace}
   (You took it off a goblin on level 1 of the Dungeon)
 f - a +0 short sword {short}
   (You took it off a kobold on level 1 of the Dungeon)
 g - a +0 whip {mace}
   (You took it off a kobold on level 1 of the Dungeon)
 h - a +0 falchion of venom (weapon) {long}
   (You found it on level 1 of the Dungeon)
 r - a +6 club {mace}
   (You took it off Jessica on level 3 of the Dungeon)
Missiles
 i - 106 stones {throwing}
 j - 8 bolts
 k - 29 sling bullets
 p - a throwing net {=f!fthrowing}
 s - 51 arrows
 t - 5 atropa-tipped darts {throwing}
 u - 14 poisoned darts {throwing}
Jewellery
 q - a ring of poison resistance (left tentacle)
   (You found it on level 3 of the Dungeon)
Scrolls
 v - 2 scrolls of immolation {unknown}
Potions
 a - 3 potions of attraction {!q}
 c - a potion of brilliance {unknown}
 d - a potion of degeneration {unknown}
 e - a potion of magic {unknown}
 l - a potion of curing {@q1}
 n - a potion of flight {unknown}
 o - 4 potions of heal wounds {@q2}

Dungeon Overview and Level Annotations

Branches:
Dungeon (5/15)              Sewer (visited)
 Temple: D:4-7

Altars:
Nemelex Xobeh
Sif Muna

Annotations:
D:3 exclusion: upstairs

########## #.........
###################.########
##...................#
...###......########.# ####
#.####.########.#### #.#
#.##..........### #.#
#.##.#@#........# #.# #.#
#ยงO.#ยง##ยง#... #.# #.#
##..........# #.# #.#
#.##.##.#.#. #.#
#..............##
###.#######?##.#..##.#.# #
#.......# # #.#..( ....
####.<...#.>.. #.#..# #..
...........### ...... .


You could see a two-headed ogre.


Message History

You lost 1 mp, and now have 9/12 mp.
An adder comes into view. ๐Ÿ˜Ž MP[+3]
Your mp is fully restored (12).
You conjure some foxfire! ๐Ÿ˜Ž MP[-1]
You lost 1 mp, and now have 11/12 mp.
The foxfire hits the adder!
The adder hisses angrily.
The foxfire hits the adder but does no damage.
You conjure some foxfire! ๐Ÿ˜Ž MP[-1]
You lost 1 mp, and now have 10/12 mp.
The foxfire hits the adder.
You kill the adder!
Sif Muna accepts your kill.
m - 2 scrolls of identify {@r1} (gained 1)
i - 106 stones {throwing} (gained 21)
A bullfrog zombie comes into view. ๐Ÿ˜Ž MP[+2]
Your mp is fully restored (12).
As you read the scroll of identify {@r1}, it crumbles to dust.
o - 4 potions of heal wounds
As you read the scroll of identify {@r1}, it crumbles to dust.
l - a potion of curing You conjure some foxfire! ๐Ÿ˜Ž MP[-1]
You lost 1 mp, and now have 11/12 mp.
There is not enough space to conjure foxfire!
The foxfire hits the bullfrog zombie.
You conjure some foxfire!
The bullfrog zombie barely misses you.
You hit the bullfrog zombie. Your grab misses the bullfrog zombie.
The foxfire hits the bullfrog zombie!
The bullfrog zombie barely misses you.
You riposte.
You hit the bullfrog zombie. You grab the bullfrog zombie.
The bullfrog zombie closely misses you.
You hit the bullfrog zombie. You squeeze the bullfrog zombie!
You constrict the bullfrog zombie.
The bullfrog zombie hits you. x2 ๐Ÿ˜• HP[-7]
You take 7 damage, and now have 34/41 hp.
You hit the bullfrog zombie. You squeeze the bullfrog zombie.
You destroy the bullfrog zombie!
Sif Muna accepts your kill.
Your Spellcasting skill increases to level 4!
A two-headed ogre comes into view.
It is wielding two +0 giant clubs. ๐Ÿ˜Ž HP[+7] MP[+2]
Your hp is fully restored (41).
Your mp is fully restored (13).
You conjure some foxfire! ๐Ÿ˜Ž MP[-1]
You lost 1 mp, and now have 12/13 mp.
You conjure some foxfire! ๐Ÿ˜Ž MP[-1]
You lost 1 mp, and now have 11/13 mp.
You conjure some foxfire! ๐Ÿ˜Ž MP[-1]
You lost 1 mp, and now have 10/13 mp.
You conjure some foxfire! ๐Ÿ˜Ž MP[-1]
You lost 1 mp, and now have 9/13 mp.
You conjure some foxfire!
The two-headed ogre shouts in stereo!
The foxfire hits the two-headed ogre. x2 ๐Ÿ˜Ž MP[-1]
You lost 1 mp, and now have 8/13 mp.
You conjure some foxfire! ๐Ÿ˜Ž MP[-1]
You lost 1 mp, and now have 7/13 mp.
You conjure some foxfire!
The foxfire hits the two-headed ogre.
You conjure some foxfire!
The foxfire hits the two-headed ogre. x2 ๐Ÿ˜Ž MP[-1]
You lost 1 mp, and now have 6/13 mp.
You conjure some foxfire! ๐Ÿ˜Ž MP[-1]
You lost 1 mp, and now have 5/13 mp.
You conjure some foxfire!
The foxfire hits the two-headed ogre. x2 ๐Ÿ˜Ž MP[-1]
You lost 1 mp, and now have 4/13 mp.
You conjure some foxfire!
The foxfire hits the two-headed ogre but does no damage.
The foxfire hits the two-headed ogre. ๐Ÿ˜Ž MP[-1]
You lost 1 mp, and now have 3/13 mp.
You conjure some foxfire!
The foxfire hits the two-headed ogre. x2
The foxfire hits the two-headed ogre but does no damage. ๐Ÿ˜Ž MP[-1]
You lost 1 mp, and now have 2/13 mp.
You conjure some foxfire!
The foxfire hits the two-headed ogre.
The foxfire hits the two-headed ogre but does no damage.
The two-headed ogre hits you with a +0 giant club!!
Ouch! That really hurt!
* * * LOW HITPOINT WARNING * * *
The two-headed ogre closely misses you. ๐Ÿ˜ฑ HP[-34] MP[-1]
You take 34 damage, and now have 7/41 hp.
MASSIVE DAMAGE!! (PAUSE)
You lost 1 mp, and now have 1/13 mp.
The foxfire hits the two-headed ogre. x2
You hit the two-headed ogre.
The two-headed ogre hits you with a +0 giant club!!
Ouch! That really hurt!
You die...

Skill      XL: |  1  2  3  4  5  6  7 |
---------------+----------------------+-----
Conjurations   | 2 3 |  3.7
Dodging        | 3 4 |  4.2
Spellcasting   | 3 4 |  4.0
Fire Magic     | 4 |  4.9
Stealth        | |  2.6
Invocations    | |  0.8

Action                   |  1- 3 |  4- 6 |  7- 9 || total
-------------------------+-------+-------+-------++-------
Melee: Unarmed           |    14 |       |       ||    14
       Tentacles         |    11 |     9 |     5 ||    25
       Constrict         |    15 |    17 |     9 ||    41
       Falchion          |    32 |    33 |    22 ||    87
 Cast: Foxfire           |    28 |    89 |    27 ||   144
  Use: Scroll            |       |     7 |     2 ||     9
 Stab: Sleeping          |    11 |       |     2 ||    13
Armor: Skin              |    11 |     8 |     1 ||    20
Dodge: Dodged            |    35 |    63 |    15 ||   113
       Rpst.: Falchion   |     9 |    16 |     4 ||    29

Levels and vault maps discovered:
D:1:      minmay_arrival_nine_rooms, layout_basic, minmay_pentomino_o2
D:2:      layout_basic, basic_altar, kennysheep_pointless_box,
          chequers_arboretum, minmay_misc_feat_alley, minmay_stone_trees_small,
          amcnicky_mini_corridor_feature, minmay_shallow_snake_nest
D:3:      layout_basic, ebering_ecumenical_altar_mist,
          cheibrodos_sewer_entry_drain, uniq_jessica
D:4:      layout_cave_pods, led_sif_pool, minmay_puff, uniq_menkaure
D:5:      layout_loops_ring, minmay_overflow_temple_star_hex

Notes
Turn   | Place    | Note
-------+----------+-------------------------------------------
     0 | D:1      | Sobieck the Octopode Fire Elementalist began the quest for
                  | the Orb.
     0 | D:1      | Reached XP level 1. HP: 11/11 MP: 3/3
     0 | D:1      | magus.rc [v1.9.6]
   174 | D:1      | Reached XP level 2. HP: 12/17 MP: 3/5
   671 | D:2      | Reached XP level 3. HP: 21/21 MP: 3/6
  1865 | D:2      | Found a sparkling altar of Nemelex Xobeh.
  1910 | D:3      | Reached XP level 4. HP: 27/27 MP: 7/7
  1982 | D:3      | You pick up a book of Displacement and begin reading...
  1982 | D:3      | You add the spells Lesser Beckoning, Gell's Gravitas and
                  | Teleport Other to your library.
  1992 | D:3      | Reached skill level 2 in Conjurations
  2100 | D:3      | Found a glowing drain.
  2109 | D:3      | HP: 6/27 [ball python (2)]
  2110 | D:3      | HP: 1/27 [goblin (3)]
  2111 | Sewer    | Entered a sewer
  2620 | Sewer    | Noticed a water moccasin
  2629 | Sewer    | Killed a water moccasin
  2630 | Sewer    | Reached skill level 3 in Dodging
  2630 | Sewer    | Reached skill level 3 in Spellcasting
  2630 | Sewer    | Reached skill level 4 in Fire Magic
  2630 | Sewer    | Reached XP level 5. HP: 13/31 MP: 3/9
  2635 | Sewer    | HP: 7/31 [poisoned by a water moccasin]
  4277 | D:3      | Reached XP level 6. HP: 36/36 MP: 4/10
  4416 | D:3      | Noticed Jessica
  4530 | D:3      | Killed Jessica
  4531 | D:3      | Reached skill level 3 in Conjurations
  4772 | D:3      | Found a faded altar of an unknown god.
  5498 | D:4      | Noticed Menkaure
  5504 | D:4      | Killed Menkaure
  5505 | D:4      | Reached skill level 4 in Dodging
  5505 | D:4      | Reached XP level 7. HP: 41/41 MP: 5/12
  5670 | D:4      | You pick up a book of Spatial Translocations and begin
                  | reading...
  5670 | D:4      | You add the spells Blink and Manifold Assault to your
                  | library.
  5808 | D:4      | Found a shimmering blue altar of Sif Muna.
  5814 | D:4      | Became a worshipper of Sif Muna the Loreminder
  6626 | D:4      | Learned a level 4 spell: Sticky Flame
  6689 | D:5      | Entered Level 5 of the Dungeon
  6903 | D:5      | Reached skill level 4 in Spellcasting
  7000 | D:5      | Noticed a two-headed ogre
  7016 | D:5      | HP: 7/41 [two-headed ogre (34)]
  7018 | D:5      | Demolished by a two-headed ogre

Vanquished Creatures
  Menkaure (D:4)
  A water moccasin (Sewer)
  A scorpion (D:4)
  A water moccasin skeleton (D:4)
  A hound (D:5)
  A bullfrog zombie (D:5)
  Jessica (D:3)
  5 adders
  An ufetubus (D:4)
  An adder skeleton (D:4)
  2 worms (D:3)
  3 dart slugs
  10 orcs
  8 bats
  8 endoplasms
  5 giant cockroaches
  6 goblins
  7 hobgoblins
  12 jackals
  12 kobolds
  2 quokkas (D:4)
  10 ball pythons
  3 frilled lizards (D:1)
  5 rats
107 creatures vanquished.

Vanquished Creatures (others)
  247 foxfires
247 creatures vanquished.

Grand Total: 354 creatures vanquished

Table legend:
 A = Non-vault XP
 B = Vault XP
 C = Vault XP percentage of total XP
 D = Non-vault monster count
 E = Vault monster count
 F = Vault count percentage of total count
                 A         B        C        D         E       F
            +---------+---------+-------+---------+---------+-------
      Total |     450 |     415 |  48.0 |      88 |      19 |  17.8
            +---------+---------+-------+---------+---------+-------
        D:1 |      28 |       4 |  12.5 |      17 |       2 |  10.5
        D:2 |      56 |      16 |  22.2 |      25 |       3 |  10.7
        D:3 |      78 |      42 |  35.0 |      30 |       2 |   6.2
        D:4 |     183 |     194 |  51.5 |      12 |       6 |  33.3
        D:5 |     105 |       0 |   0.0 |       4 |       0 |   0.0
      Sewer |       0 |     159 | 100.0 |       0 |       6 | 100.0
            +---------+---------+-------+---------+---------+-------

Illustrated notes

Table legend:
 A = Kills in this place as a percentage of kills in entire the game.
 B = Kills by you in this place as a percentage of kills by you in the entire game.
 C = Kills by friends in this place as a percentage of kills by friends in the entire game.
 D = Other kills in this place as a percentage of other kills in the entire game.
 E = Experience gained in this place as a percentage of experience gained in the entire game.
 F = Experience gained in this place divided by the number of levels of this place that you have seen.
                   A       B       C       D       E      F
               +-------+-------+-------+-------+-------+----------------------
         Total | 100.0 | 100.0 |   N/A |   N/A | 100.0 | 144.2
       Dungeon |  94.4 |  94.4 |   N/A |   N/A |  81.6 | 141.2
         Sewer |   5.6 |   5.6 |   N/A |   N/A |  18.4 | 159.0
               +-------+-------+-------+-------+-------+----------------------

Table legend: (Time is in decaauts)
 A = Elapsed time spent in this place.
 B = Non-inter-level travel time spent in this place.
 C = Inter-level travel time spent in this place.
 D = Time resting spent in this place.
 E = Time spent auto-exploring this place.
 F = Levels seen in this place.
 G = Mean time per level.
                   A        B        C        D        E       F      G
               +--------+--------+--------+--------+--------+-----+--------+
         Total |   7047 |   6883 |    164 |   1985 |   4011 |   6 | 1174.5 |
       Dungeon |   6189 |   6025 |    164 |   1280 |   3963 |   5 | 1237.8 |
         Sewer |    858 |    858 |      0 |    705 |     48 |   1 |  858.0 |
               +--------+--------+--------+--------+--------+-----+--------+

Top non-repeatable levels by time:
     D:2: 1724 daAuts
     D:4: 1573 daAuts
     D:3: 1478 daAuts
     D:1: 1083 daAuts
   Sewer: 858 daAuts
     D:5: 330 daAuts
